cohdb
Replays
Latest Replays
All Replays
Popular Replays
Top Player Replays
Match Explorer
How It Works
Community
CoH3 Stats
Reddit
Sign in to upload your games and track your stats! →
Sign in with Steam
Match 41397783
Unlisted
Match 41397783
Overview
Messages
Build Orders
End
Panzergrenadier Squad
250 Light Carrier
Selects Armored Support Battlegroup
Panzergrenadier Squad
Construct Light Support Kompanie
Combat Half-tracks
Panzergrenadier Squad
Fire Support Elements
Selects Veteran Gunners
Vehicle Survival Package
Selects Salvage Kits
Flakvierling Half-track
2.5-tonne Medical Truck
Tungsten Core Ammunition
Construct Mechanized Kompanie
Construct Panzerarmee Kommand
Panzergrenadier Squad
Veteran Squad Leaders
Selects Panzer Storm
Panzer III L Medium Tank
Panzer III L Medium Tank
Selects Stuka Anti-tank Loiter
Flak 36 Anti-tank Gun Team
Panzerjäger Squad
GEORGE LITTLEHOOF
synThrax^DNB
Surveillance-Buoy 2
Agnes Claudel
0
0
Comments
sign in to comment!
No comments posted yet!